 Dungeon Crawl Stone Soup version 0.23-a0-703-gdf2d5e0dd9 (webtiles) character file.

85 Morbidden the Twirler (level 4, -4/45 HPs)
             Began as an Ogre Gladiator on Jan 13, 2019.
             Slain by Natasha (5 damage)
             ... on level 2 of the Dungeon.
             The game lasted 00:03:35 (1551 turns).

Morbidden the Twirler (Ogre Gladiator)              Turns: 1551, Time: 00:03:35

Health: -4/45      AC:  4    Str: 19    XL:     4   Next: 48%
Magic:  13/13      EV: 10    Int:  9    God:
Gold:   68         SH:  0    Dex: 10    Spells: 3/3 levels left

rFire    . . .     SeeInvis .   a - +0 quarterstaff
rCold    . . .     Gourm    .   (shield currently unavailable)
rNeg     . . .     Faith    .   b - +0 robe
rPois    .         Spirit   .   c - +0 hat
rElec    .         Reflect  .   j - +0 cloak
rCorr    .         Harm     .   (gloves unavailable)
MR       .....                  (boots unavailable)
Stlth    +.........             (no amulet)
HPRegen  0.15/turn              i - ring of magical power
MPRegen  0.13/turn              (no ring)

@: slowed, very slow
A: large, unfitting armour, tough skin 1
a: no special abilities


You were on level 2 of the Dungeon.
You were near starving.

You visited 1 branch of the dungeon, and saw 2 of its levels.

You collected 68 gold pieces.

Inventory:

Hand Weapons
 a - a +0 quarterstaff (weapon)
Missiles
 d - a throwing net (quivered)
Armour
 b - a +0 robe (worn)
 c - a +0 hat (worn)
 j - a +0 cloak (worn)
Jewellery
 i - a ring of magical power (left hand)
Scrolls
 g - a scroll of enchant weapon {unknown}
 h - 2 scrolls of identify {unknown}
 m - a scroll of magic mapping {unknown}
 n - 2 scrolls of fear {unknown}
 o - a scroll of noise {unknown}
 q - a scroll of remove curse {unknown}
Potions
 l - a potion of mutation {unknown}
 p - a potion of agility {unknown}
Comestibles
 f - 6 rations


   Skills:
 * Level 3.3 Fighting
 * Level 4.5 Staves
 + Level 2.1 Throwing
 + Level 3.0 Dodging


You had 3 spell levels left.
You didn't know any spells.
Your spell library was empty.

Dungeon Overview and Level Annotations

Branches:
Dungeon (2/15)

Altars:
Cheibriados
Fedhas
Kikubaaqudgha
Uskayaw

Annotations:
D:2 Natasha


Innate Abilities, Weirdness & Mutations

You are too large for most types of armour.
You have tough skin. (AC +1)


Message History

Natasha is caught in the net!
Natasha is heavily wounded.
Natasha struggles against the net. x2; The iron imp closely misses you.
Unknown command.
You hit Natasha but do no damage.
Natasha is heavily wounded.
Natasha struggles against the net. x2
The iron imp spits at you. The iron imp hits you!
* * * LOW HITPOINT WARNING * * *
You hit Natasha.
Natasha is severely wounded.
Natasha struggles against the net.
The net rips apart, and Natasha comes free!
The iron imp hits you.
* * * LOW HITPOINT WARNING * * *
Natasha completely misses you.
The iron imp disappears in a puff of smoke!
Natasha claws you.
You die...

....# ##.# #.# ########
....# #.###.#####......#
....# #..<...##........#
....# ###....#.........#
##### #..........<...#
.###########.............##
.........................#
.^........######...(.....#
.#........# #@........#
.#........# ##h§.....##
.#........# #.>.......#
.#........# #.........#
.########## #.........# ##
#.........# #.........#
##.......## ##.....##


You could see Natasha.

Vanquished Creatures
  Natasha (twice) (D:2)
  An adder (D:2)
  An ooze (D:1)
  A worm (D:2)
  A dart slug (D:2)
  3 giant cockroaches
  3 goblins
  5 frilled lizards
  3 kobolds (D:1)
  4 rats
24 creatures vanquished.

Notes
Turn   | Place    | Note
-------+----------+-------------------------------------------
     0 | D:1      | Morbidden the Ogre Gladiator began the quest for the Orb.
     0 | D:1      | Reached XP level 1. HP: 22/22 MP: 1/1
   133 | D:1      | Reached XP level 2. HP: 29/29 MP: 2/2
   697 | D:2      | Reached XP level 3. HP: 24/36 MP: 3/3
   770 | D:2      | Noticed Natasha
   781 | D:2      | Killed Natasha
   781 | D:2      | Reached skill level 4 in Staves
   918 | D:2      | Found a snail-covered altar of Cheibriados.
   922 | D:2      | Reached XP level 4. HP: 39/45 MP: 4/4
  1011 | D:2      | Found a hide-covered altar of Uskayaw.
  1012 | D:2      | Found an ancient bone altar of Kikubaaqudgha.
  1033 | D:2      | Found a blossoming altar of Fedhas.
  1132 | D:2      | Noticed Natasha
  1140 | D:2      | Killed Natasha
  1289 | D:2      | Noticed Natasha
  1550 | D:2      | HP: 1/45 [iron imp[Natasha] (6)]
  1551 | D:2      | Slain by Natasha

Vault maps used:
D:1:      dpeg_arrival_oval
D:2:      gammafunk_temple_overflow_statue, kennysheep_slug_shrine,
          fedhas_altar_fruit_tree, first_ration, uniq_natasha

Skill      XL: |  1  2  3 |
---------------+----------+-----
Fighting       | 3 |  3.3
Staves         | 4 |  4.5
Dodging        | 3 |  3.0
Throwing       | |  2.1

Action                   |  1- 3 |  4- 6 || total
-------------------------+-------+-------++-------
Melee: Quarterstaff      |    58 |    15 ||    73
Throw: Throwing net      |     2 |     1 ||     3
  Use: Potion            |       |     2 ||     2
 Stab: Held in net/web   |     1 |       ||     1
Armor: Robe              |    14 |     1 ||    15
Dodge: Dodged            |    29 |     9 ||    38

Table legend:
 A = Non-vault XP
 B = Vault XP
 C = Vault XP percentage of total XP
 D = Non-vault monster count
 E = Vault monster count
 F = Vault count percentage of total count
                 A         B        C        D         E       F
            +---------+---------+-------+---------+---------+-------
      Total |      83 |      39 |  32.0 |      22 |       2 |   8.3
            +---------+---------+-------+---------+---------+-------
        D:1 |      22 |       0 |   0.0 |      13 |       0 |   0.0
        D:2 |      61 |      39 |  39.0 |       9 |       2 |  18.2
            +---------+---------+-------+---------+---------+-------
